[Event "Wuerttemberg Rapid Teams 2024"]
[Site "B?blingen, Germany"]
[Date "2024.04.13"]
[Round "2.14"]
[White "Huber, Philipp"]
[Black "Gabriel, Josef"]
[Result "1-0"]
[ECO "A41"]
[WhiteElo "2306"]
[BlackElo "1997"]
[Annotator "RC"]
[PlyCount "37"]
[EventDate "2024.04.13"]
[EventType "team-tourn"]
[SourceTitle "playchess.com"]
[Source "ChessBase"]
[SourceQuality "1"]
[TimeControl "900+5"]

1. d4 d6 2. Bg5 g6 3. h4 h5 4. e3 Bg7 5. Bd3 c5 6. c3 Nc6 7. Nd2 Nf6 8. Ne2 O-O 9. Nf4 cxd4 10. exd4 e5 11. Nd5 exd4 12. Ne4 Re8 13. O-O Rxe4 14. Bxe4 dxc3 15. bxc3 Be6 16. Rb1 Bxd5 17. Bxd5 Qc7 18. Bxf6 Bxf6 19. Qf3 1-0

[Event "Wuerttemberg Rapid Teams 2024"]
[Site "B?blingen, Germany"]
[Date "2024.04.13"]
[Round "2.15"]
[White "Aksenov, Pavel"]
[Black "Degenhard, Simon"]
[Result "1-0"]
[ECO "B33"]
[WhiteElo "2045"]
[BlackElo "2204"]
[Annotator "RC"]
[PlyCount "95"]
[EventDate "2024.04.13"]
[EventType "team-tourn"]
[SourceTitle "playchess.com"]
[Source "ChessBase"]
[SourceQuality "1"]
[TimeControl "900+5"]

1. e4 c5 2. Nf3 Nc6 3. d4 cxd4 4. Nxd4 Nf6 5. Nc3 e5 6. Ndb5 d6 7. Bg5 a6 8. Na3 b5 9. Bxf6 gxf6 10. Nd5 Bg7 11. Bd3 Ne7 12. Nxe7 Qxe7 13. O-O O-O 14. c4 f5 15. Qf3 Rb8 16. Rfd1 fxe4 17. Bxe4 f5 18. Bd5+ Be6 19. cxb5 e4 20. Qb3 Bxd5 21. Rxd5 Kh8 22. Rad1 Be5 23. Nc4 Rxb5 24. Rxb5 axb5 25. Qxb5 Qc7 26. Qd5 Rc8 27. b3 Qc5 28. g3 Qxd5 29. Rxd5 Kg7 30. Nxe5 dxe5 31. Rxe5 Kf6 32. Ra5 Rc1+ 33. Kg2 Rc2 34. Kf1 Rb2 35. h4 h5 36. Ra4 Kg6 37. b4 Kf6 38. a3 Kg6 39. Ra6+ Kg7 40. Ra5 Kf6 41. b5 Ke6 42. a4 Kd6 43. Ra6+ Kc5 44. Rf6 Kb4 45. Rxf5 Kxa4 46. Rxh5 Ka5 47. Re5 Kb6 48. h5 1-0

[Event "Wuerttemberg Rapid Teams 2024"]
[Site "B?blingen, Germany"]
[Date "2024.04.13"]
[Round "2.16"]
[White "Tschlatscher, Thomas"]
[Black "Siegle, Florian"]
[Result "1-0"]
[ECO "A01"]
[WhiteElo "2217"]
[BlackElo "1912"]
[Annotator "RC"]
[PlyCount "47"]
[EventDate "2024.04.13"]
[EventType "team-tourn"]
[SourceTitle "playchess.com"]
[Source "ChessBase"]
[SourceQuality "1"]
[TimeControl "900+5"]

1. b3 e5 2. Bb2 Nc6 3. e3 Nf6 4. Bb5 d6 5. d4 exd4 6. Qxd4 Bd7 7. Bxc6 Bxc6 8. Nf3 Be7 9. Nc3 O-O 10. O-O-O a5 11. a4 Ne8 12. Nd5 Bxd5 13. Qxd5 c6 14. Qf5 g6 15. Qf4 b5 16. Ne5 Qc7 17. Ng4 f6 18. h4 d5 19. Qh6 bxa4 20. h5 g5 21. Qxg5+ Kf7 22. Nh6+ Ke6 23. Qf5+ Kd6 24. Ba3+ 1-0

[Event "Wuerttemberg Rapid Teams 2024"]
[Site "B?blingen, Germany"]
[Date "2024.04.13"]
[Round "2.17"]
[White "Fischer, Andre"]
[Black "Belica, Matej"]
[Result "1/2-1/2"]
[ECO "A06"]
[WhiteElo "2248"]
[BlackElo "2173"]
[Annotator "RC"]
[PlyCount "24"]
[EventDate "2024.04.13"]
[EventType "team-tourn"]
[SourceTitle "playchess.com"]
[Source "ChessBase"]
[SourceQuality "1"]
[TimeControl "900+5"]

1. Nf3 c5 2. b3 Nc6 3. Bb2 d5 4. e3 Bg4 5. Bb5 Rc8 6. h3 Bxf3 7. Qxf3 a6 8. Bxc6+ Rxc6 9. O-O Nf6 10. d3 Qd6 11. Nd2 e5 12. Qg3 Nd7 1/2-1/2

[Event "Wuerttemberg Rapid Teams 2024"]
[Site "B?blingen, Germany"]
[Date "2024.04.13"]
[Round "2.19"]
[White "Wunder, Niklas"]
[Black "Vrabac, Branko"]
[Result "0-1"]
[ECO "B27"]
[WhiteElo "2071"]
[BlackElo "1932"]
[Annotator "NA RC"]
[PlyCount "29"]
[EventDate "2024.04.13"]
[EventType "team-tourn"]
[SourceTitle "playchess.com"]
[Source "ChessBase"]
[SourceQuality "1"]
[TimeControl "900+5"]

1. e4 g6 2. d4 Bg7 3. Nf3 c5 4. dxc5 Qa5+ 5. c3 Qxc5 6. Be3 Qc7 7. Bd3 d6 8. O-O Nf6 9. Na3 Nc6 10. Nb5 Qd8 11. a4 O-O 12. h3 a6 13. Nbd4 d5 14. e5 Nd7 15. e6 0-1

[Event "Wuerttemberg Rapid Teams 2024"]
[Site "B?blingen, Germany"]
[Date "2024.04.13"]
[Round "2.20"]
[White "Ameln, Till"]
[Black "Sokratov, Stanislav"]
[Result "0-1"]
[ECO "D00"]
[WhiteElo "1887"]
[BlackElo "2146"]
[Annotator "RC"]
[PlyCount "116"]
[EventDate "2024.04.13"]
[EventType "team-tourn"]
[SourceTitle "playchess.com"]
[Source "ChessBase"]
[SourceQuality "1"]
[TimeControl "900+5"]

1. d4 d5 2. Bf4 c5 3. e3 Nc6 4. c3 Qb6 5. Qb3 c4 6. Qc2 e5 7. dxe5 Bf5 8. Qc1 g5 9. Bg3 h5 10. h3 Bg7 11. Nf3 h4 12. Bh2 Nge7 13. Nxg5 Bxe5 14. Bxe5 Nxe5 15. Nd2 N7c6 16. Ngf3 Nd3+ 17. Bxd3 Bxd3 18. Nd4 O-O-O 19. N2f3 Rde8 20. Nxc6 Qxc6 21. Nd4 Qg6 22. Rg1 Rh5 23. Qd1 Rg5 24. Qa4 Rge5 25. Qxa7 Rxe3+ 26. fxe3 Qg3+ 27. Kd1 Qxe3 28. Qc5+ Kb8 29. Nc6+ bxc6 30. Qxe3 Rxe3 31. b4 Be4 32. Kd2 Rd3+ 33. Kc2 Rxh3+ 34. Kb2 Rg3 35. Raf1 f5 36. a4 Bxg2 37. Rxf5 h3 38. Rh5 d4 39. cxd4 Rb3+ 40. Kc2 Rxb4 41. a5 Kb7 42. Kc3 Ra4 43. Re1 Ka6 44. Rh8 Ra3+ 45. Kb2 Rb3+ 46. Kc2 Kxa5 47. Ra8+ Kb6 48. Rb8+ Kc7 49. Rxb3 cxb3+ 50. Kxb3 h2 51. Re7+ Kd6 52. Rh7 h1=Q 53. Rxh1 Bxh1 54. Kc3 Kd5 55. Kd3 Be4+ 56. Ke3 Bh7 57. Kd2 Kxd4 58. Kc1 Kc3 0-1

[Event "Wuerttemberg Rapid Teams 2024"]
[Site "B?blingen, Germany"]
[Date "2024.04.13"]
[Round "2.24"]
[White "Birkenmaier, Rainer"]
[Black "Gillam, Simon R"]
[Result "1-0"]
[ECO "D05"]
[WhiteElo "2111"]
[BlackElo "2235"]
[Annotator "RC"]
[PlyCount "45"]
[EventDate "2024.04.13"]
[EventType "team-tourn"]
[SourceTitle "playchess.com"]
[Source "ChessBase"]
[SourceQuality "1"]
[TimeControl "900+5"]

1. d4 d5 2. Nf3 e6 3. c3 c5 4. e3 Nc6 5. Nbd2 Nf6 6. Bd3 Bd6 7. O-O O-O 8. dxc5 Bxc5 9. e4 Re8 10. e5 Ng4 11. Nb3 Bb6 12. Qe2 a6 13. h3 Nxf2 14. Rxf2 Bxf2+ 15. Qxf2 Qc7 16. Bf4 Bd7 17. Nbd4 Nxd4 18. cxd4 Qb6 19. b3 Rac8 20. Qh4 h6 21. Bxh6 gxh6 22. Qxh6 Bb5 23. Bh7+ 1-0

[Event "Wuerttemberg Rapid Teams 2024"]
[Site "B?blingen, Germany"]
[Date "2024.04.13"]
[Round "2.25"]
[White "Kottke, Markus"]
[Black "Foksha, Mischa"]
[Result "1-0"]
[ECO "B23"]
[WhiteElo "2218"]
[BlackElo "2021"]
[Annotator "RC"]
[PlyCount "39"]
[EventDate "2024.04.13"]
[EventType "team-tourn"]
[SourceTitle "playchess.com"]
[Source "ChessBase"]
[SourceQuality "1"]
[TimeControl "900+5"]

1. e4 c5 2. Nc3 g6 3. d4 cxd4 4. Qxd4 Nf6 5. e5 Nc6 6. Qf4 Nh5 7. Qe3 Qa5 8. f4 Bh6 9. Nge2 O-O 10. Bd2 d6 11. exd6 exd6 12. O-O-O Bf5 13. h3 Nb4 14. g4 Bxc2 15. gxh5 Bxd1 16. Kxd1 Nxa2 17. hxg6 hxg6 18. Bg2 Rfe8 19. Qd4 Nxc3+ 20. Bxc3 1-0

[Event "Wuerttemberg Rapid Teams 2024"]
[Site "B?blingen, Germany"]
[Date "2024.04.13"]
[Round "2.26"]
[White "Foksha, Alexander"]
[Black "Hofer, Markus"]
[Result "0-1"]
[ECO "E54"]
[WhiteElo "1924"]
[BlackElo "2047"]
[Annotator "RC"]
[PlyCount "70"]
[EventDate "2024.04.13"]
[EventType "team-tourn"]
[SourceTitle "playchess.com"]
[Source "ChessBase"]
[SourceQuality "1"]
[TimeControl "900+5"]

1. d4 d5 2. Nf3 e6 3. e3 Nf6 4. Bd3 Nbd7 5. O-O Bd6 6. Nbd2 O-O 7. e4 dxe4 8. Nxe4 b6 9. Nxd6 cxd6 10. Bg5 Bb7 11. Qe2 Qc7 12. c4 d5 13. b3 dxc4 14. bxc4 Rac8 15. Rfd1 Rfe8 16. Ne5 Nxe5 17. dxe5 Qc6 18. f3 Nd7 19. Rac1 h6 20. Bf4 Nc5 21. Bc2 Red8 22. Qe3 Kf8 23. h4 Ke7 24. Qa3 Ke8 25. Be3 Rxd1+ 26. Bxd1 Rd8 27. Bc2 Ba6 28. Qb4 Nd7 29. Be4 Qc7 30. f4 Nc5 31. Bc2 Bb7 32. Kf2 Qc6 33. Rg1 Nd3+ 34. Bxd3 Rxd3 35. Ke2 Qe4 0-1

[Event "Wuerttemberg Rapid Teams 2024"]
[Site "B?blingen, Germany"]
[Date "2024.04.13"]
[Round "2.28"]
[White "Valchev, Martin V"]
[Black "Brettschneider, Karl"]
[Result "0-1"]
[ECO "B20"]
[WhiteElo "1529"]
[BlackElo "1965"]
[Annotator "TA"]
[PlyCount "78"]
[EventDate "2024.04.13"]
[EventType "team-tourn"]
[SourceTitle "playchess.com"]
[Source "ChessBase"]
[SourceQuality "1"]
[TimeControl "900+5"]

1. e4 c5 2. a3 Nc6 3. b4 cxb4 4. axb4 e5 5. c3 Nf6 6. Qa4 (6. b5 $11 {remains equal.}) 6... Be7 (6... Nxe4 $17 7. d3 Nf6) 7. b5 $11 Nb8 8. Nf3 {[%emt 0:01:06] The position is equal.} d6 (8... d5 $11) 9. Qc2 O-O 10. d3 Bg4 11. Be2 Nbd7 12. Ba3 (12. h3 $14 Bh5 13. c4) 12... Qc7 ({Black should play} 12... d5 $15) 13. O-O Nb6 (13... a6 $11) 14. Nbd2 (14. c4 $16) 14... d5 15. h3 ({Better is} 15. Bxe7 $14 Qxe7 16. exd5) 15... dxe4 (15... Bxa3 $11 16. Rxa3 Bd7) 16. hxg4 exf3 17. Bxf3 Nfd5 18. Bxe7 Qxe7 19. Rfe1 Qc7 20. c4 Nf4 21. Qc3 Rfe8 (21... Nd7 $16 {might work better.}) 22. Ne4 Nd7 23. g3 Ne6 24. Rec1 (24. Qa5 $16 {And now Qxc7 would win.} Qb8 25. Bg2) 24... Ndc5 25. Nxc5 Nxc5 (25... Nd4 $14) 26. d4 $2 {[%emt 0:00:11] [#]} (26. Bd5 $16) 26... exd4 $17 27. Qxd4 (27. Qb2 $142) 27... Nb3 28. Qd5 Nxc1 29. Rxc1 Rab8 30. Kg2 b6 31. Qf5 g6 32. Qf6 Qe5 {[%emt 0:00:11] Wards off Bd5} 33. Qh4 Kg7 (33... Rbd8 $19 {Strongly threatening ...g5.} 34. Rh1 Qg7) 34. Rh1 $15 Rh8 (34... h5 $15 35. gxh5 gxh5) 35. Qh6+ $11 Kg8 36. Qd2 {[%emt 0:00:04] Dodges Rd8} (36. Rd1 $11 Qc7 37. Bd5) 36... Re8 $15 37. Qd7 (37. Qh6 $1 $15) 37... Re7 $17 38. Qd8+ Kg7 39. Bd5 $2 {[%emt 0:00:14] [#]} (39. Qd2 $19) 39... Rxd8 {[%emt 0:00:03] Black used his chance.   Weighted Error Value: White=0.51/Black=0.30.  Mistake:       	White=9     	Black=9      Inaccurate:     	White=5     	Black=3      OK:         	White=8     	Black=9      Best:        	White=1     	Black=6} 0-1

[Event "Wuerttemberg Rapid Teams 2024"]
[Site "B?blingen, Germany"]
[Date "2024.04.13"]
[Round "2.29"]
[White "Seitz, Patrick"]
[Black "Smierzchala, Zbigniew"]
[Result "1-0"]
[ECO "C41"]
[WhiteElo "2125"]
[BlackElo "1852"]
[Annotator "RC"]
[PlyCount "57"]
[EventDate "2024.04.13"]
[EventType "team-tourn"]
[SourceTitle "playchess.com"]
[Source "ChessBase"]
[SourceQuality "1"]
[TimeControl "900+5"]

1. e4 d6 2. d4 e5 3. Nf3 Bg4 4. dxe5 Nc6 5. exd6 Bxd6 6. Be2 Qe7 7. Nc3 O-O-O 8. Bd2 Nf6 9. O-O Nxe4 10. Nxe4 Qxe4 11. h3 Bh5 12. Re1 Qe8 13. Ng5 Bxe2 14. Rxe2 Qf8 15. c3 h6 16. Nf3 Bf4 17. Qa4 Bxd2 18. Nxd2 Qc5 19. Nb3 Qb6 20. Rae1 g5 21. Qc4 f5 22. Qe6+ Kb8 23. Qxf5 Rdf8 24. Qxf8+ Rxf8 25. Re8+ Nd8 26. Rxf8 Kc8 27. Rd1 c6 28. Rfxd8+ Qxd8 29. Rxd8+ 1-0

[Event "Wuerttemberg Rapid Teams 2024"]
[Site "B?blingen, Germany"]
[Date "2024.04.13"]
[Round "2.30"]
[White "Diener, Reinhard"]
[Black "Narr, Kevin"]
[Result "0-1"]
[ECO "C11"]
[WhiteElo "2125"]
[BlackElo "1977"]
[Annotator "RC"]
[PlyCount "28"]
[EventDate "2024.04.13"]
[EventType "team-tourn"]
[SourceTitle "playchess.com"]
[Source "ChessBase"]
[SourceQuality "1"]
[TimeControl "900+5"]

1. e4 e6 2. d4 d5 3. Nc3 Nf6 4. e5 Nfd7 5. f4 c5 6. Nf3 Nc6 7. Ne2 Be7 8. c3 O-O 9. Ng3 Qb6 10. Be2 f6 11. O-O cxd4 12. cxd4 fxe5 13. Be3 exf4 14. Bd3 fxe3 0-1

[Event "Wuerttemberg Rapid Teams 2024"]
[Site "B?blingen, Germany"]
[Date "2024.04.13"]
[Round "2.34"]
[White "Kaufmann, Thorsten"]
[Black "Eitel, Lukas"]
[Result "1-0"]
[ECO "C63"]
[WhiteElo "2057"]
[BlackElo "1825"]
[Annotator "NA RC"]
[PlyCount "53"]
[EventDate "2024.04.13"]
[EventType "team-tourn"]
[SourceTitle "playchess.com"]
[Source "ChessBase"]
[SourceQuality "1"]
[TimeControl "900+5"]

1. e4 e5 2. Nf3 Nc6 3. Bb5 f5 4. Nc3 fxe4 5. Nxe4 d5 6. Nc3 e4 7. Nd4 Qg5 8. Nxc6 a6 9. h4 Qxg2 10. Qh5+ g6 11. Qe5+ Ne7 12. Nxe7+ axb5 13. Nxc8+ Kd7 14. Rf1 Rxc8 15. Qxh8 Bc5 16. Qxh7+ Kc6 17. Qf7 Rf8 18. Qe6+ Bd6 19. Qxd5+ Kd7 20. Qxb5+ Kc8 21. Qg5 Qf3 22. Qe3 Qg2 23. Nxe4 Bf4 24. Qe2 Kd8 25. d3 Be5 26. Bg5+ Kc8 27. O-O-O 1-0

[Event "Wuerttemberg Rapid Teams 2024"]
[Site "B?blingen, Germany"]
[Date "2024.04.13"]
[Round "2.37"]
[White "Strathmann, Sacha"]
[Black "Li, Yunqi"]
[Result "0-1"]
[ECO "C02"]
[WhiteElo "2125"]
[BlackElo "1940"]
[Annotator "RC"]
[PlyCount "156"]
[EventDate "2024.04.13"]
[EventType "team-tourn"]
[SourceTitle "playchess.com"]
[Source "ChessBase"]
[SourceQuality "1"]
[TimeControl "900+5"]

1. e4 e6 2. d4 d5 3. e5 c5 4. f4 cxd4 5. Nf3 Nc6 6. a3 Qb6 7. b4 Bd7 8. Bd3 f6 9. Qe2 Be7 10. O-O O-O-O 11. Nbd2 Nh6 12. Nb3 Rhf8 13. Bb2 fxe5 14. Nxe5 Bd6 15. Nxc6 Qxc6 16. Nxd4 Qb6 17. Kh1 Rde8 18. Nf3 Nf5 19. c4 Qd8 20. Qd2 Kb8 21. Ne5 Bc8 22. Rad1 Qh4 23. Bxf5 Rxf5 24. cxd5 exd5 25. Qxd5 Bc7 26. g3 Qh3 27. Qg2 Qh6 28. Nd7+ Bxd7 29. Rxd7 g5 30. Rc1 Qe6 31. Rdxc7 Qe1+ 32. Qf1 Qxf1+ 33. Rxf1 Kxc7 34. Kg1 gxf4 35. g4 Rd5 36. h4 Rd2 37. Bf6 Ree2 38. Rc1+ Kd7 39. Bg5 Rg2+ 40. Kf1 Rdf2+ 41. Ke1 f3 42. Rc3 Re2+ 43. Kf1 Rxg4 44. Rxf3 Ra2 45. Rf7+ Kc6 46. Rxh7 Rd4 47. Re7 Rd1+ 48. Re1 Rxe1+ 49. Kxe1 Kd7 50. Bc1 Ke6 51. h5 Kf5 52. h6 Kg6 53. Kd1 b5 54. Bd2 Rxa3 55. Kc2 Rh3 56. Kb2 a6 57. Kc2 Kf5 58. Bc1 Ke4 59. Bd2 Kd4 60. Kb2 Kc4 61. Kc2 Rh2 62. Kc1 Kd3 63. Bg5 Kc3 64. Kd1 Kxb4 65. Bf4 Rh3 66. Ke2 a5 67. Kf2 a4 68. Kg2 Rh5 69. Kg3 a3 70. Kg4 Rh1 71. Kg5 a2 72. Be5 Ka3 73. Kg6 b4 74. h7 b3 75. Bd6+ Kb2 76. Kg7 a1=Q 77. Be5+ Ka2 78. Bxa1 Kxa1 0-1

[Event "Wuerttemberg Rapid Teams 2024"]
[Site "B?blingen, Germany"]
[Date "2024.04.13"]
[Round "2.38"]
[White "Bodriyenko, Markiyan"]
[Black "Baur, Frank"]
[Result "1-0"]
[ECO "B22"]
[WhiteElo "1728"]
[BlackElo "2050"]
[Annotator "RC"]
[PlyCount "103"]
[EventDate "2024.04.13"]
[EventType "team-tourn"]
[SourceTitle "playchess.com"]
[Source "ChessBase"]
[SourceQuality "1"]
[TimeControl "900+5"]

1. e4 c5 2. Nf3 Nc6 3. c3 Nf6 4. e5 Nd5 5. d4 cxd4 6. cxd4 d6 7. Bc4 Nb6 8. Bb3 dxe5 9. Nxe5 Nxe5 10. dxe5 Qxd1+ 11. Bxd1 g6 12. Bb3 Bg7 13. f4 O-O 14. O-O Bf5 15. Nc3 Rac8 16. Be3 Rfd8 17. Rfd1 Bg4 18. Rxd8+ Rxd8 19. h3 Bf5 20. Kf2 g5 21. g4 gxf4 22. Bxb6 axb6 23. gxf5 Rd2+ 24. Kf3 Bxe5 25. Rd1 Rxb2 26. Ne4 Rh2 27. Nf2 h5 28. Rg1+ Kf8 29. Rg2 Rxg2 30. Kxg2 e6 31. fxe6 fxe6 32. Bxe6 b5 33. Nd3 Bd6 34. Kf3 Ke7 35. Bb3 Kf6 36. Nxf4 Kg5 37. Ng2 Kf5 38. Ne3+ Kg5 39. Ke4 Bc5 40. Nf5 b6 41. Nd4 b4 42. Ne6+ Kh4 43. Nxc5 bxc5 44. Be6 c4 45. Bxc4 Kxh3 46. Be6+ Kg3 47. Kd4 h4 48. Kc4 h3 49. Bxh3 Kxh3 50. Kxb4 Kg4 51. a4 Kf5 52. a5 1-0

[Event "Wuerttemberg Rapid Teams 2024"]
[Site "B?blingen, Germany"]
[Date "2024.04.13"]
[Round "2.39"]
[White "Schmid, Tim"]
[Black "Retzlaff, Kian"]
[Result "1-0"]
[ECO "B22"]
[WhiteElo "1765"]
[BlackElo "1793"]
[Annotator "NA RC COMBH"]
[PlyCount "135"]
[EventDate "2024.04.13"]
[EventType "team-tourn"]
[SourceTitle "playchess.com"]
[Source "ChessBase"]
[SourceQuality "1"]
[TimeControl "900+5"]

1. e4 c5 2. Nf3 e6 3. c3 d5 4. exd5 Qxd5 5. d4 Nf6 6. Na3 a6 7. Nc4 Qd8 8. a4 Nbd7 9. Be3 b6 10. dxc5 bxc5 11. Nd6+ Bxd6 12. Qxd6 Qe7 13. Qxe7+ Kxe7 14. Nd2 Rb8 15. Nc4 Nd5 16. Bg5+ f6 17. Bh4 N7b6 18. Na5 Bd7 19. Bg3 Ra8 20. Nb3 Nxa4 21. c4 Nb4 22. O-O-O e5 23. f4 Bf5 24. fxe5 Na2+ 25. Kd2 Rad8+ 26. Ke1 Rxd1+ 27. Kxd1 Nxb2+ 28. Ke1 Na4 29. exf6+ gxf6 30. Kf2 N2c3 31. Na5 Ne4+ 32. Kf3 Ke6 33. Kf4 Bg6 34. Be2 Rd8 35. Bf3 Rd4 36. Re1 f5 37. Bf2 Rd7 38. g4 Nac3 39. gxf5+ Bxf5 40. Bxe4 Nxe4 41. Rxe4+ Bxe4 42. Kxe4 Rc7 43. Nb3 Rc6 44. Nxc5+ Ke7 45. Kd5 Rh6 46. Bg3 Rg6 47. Ne4 a5 48. Kc5 Rg4 49. Nc3 Kd7 50. Kb5 Rg5+ 51. Nd5 h5 52. Kxa5 Rg4 53. Kb5 h4 54. Nf6+ Ke6 55. Nxg4 hxg3 56. hxg3 Kf5 57. Nh2 Ke5 58. g4 Ke6 59. Kc6 Kf7 60. Kd7 Kg7 61. c5 Kg6 62. c6 Kg7 63. c7 Kg6 64. c8=Q Kg7 65. Ke6 Kh6 66. Kf6 Kh7 67. Qd7+ Kh6 68. Qg7# 1-0

[Event "Wuerttemberg Rapid Teams 2024"]
[Site "B?blingen, Germany"]
[Date "2024.04.13"]
[Round "3.1"]
[White "Koelle, Tobias"]
[Black "Fischer, Andre"]
[Result "1/2-1/2"]
[ECO "A17"]
[WhiteElo "2467"]
[BlackElo "2248"]
[Annotator "RC"]
[PlyCount "59"]
[EventDate "2024.04.13"]
[EventType "team-tourn"]
[SourceTitle "playchess.com"]
[Source "ChessBase"]
[SourceQuality "1"]
[TimeControl "900+5"]

1. Nf3 d5 2. e3 Nf6 3. c4 e6 4. Nc3 Bd6 5. b3 O-O 6. Bb2 Nbd7 7. Qc2 a6 8. Be2 b6 9. O-O Re8 10. Rad1 Bb7 11. cxd5 exd5 12. Nd4 Bf8 13. Nf5 g6 14. Ng3 Bg7 15. d4 h5 16. Bd3 Nf8 17. Rde1 N8h7 18. Nge2 Rc8 19. Rd1 c5 20. dxc5 bxc5 21. Na4 Qc7 22. Qd2 Ng4 23. Nf4 Nhf6 24. h3 Ne5 25. Rc1 Nxd3 26. Qxd3 c4 27. Qd4 h4 28. Qb6 Qe7 29. Rfd1 cxb3 30. axb3 1/2-1/2

[Event "Wuerttemberg Rapid Teams 2024"]
[Site "B?blingen, Germany"]
[Date "2024.04.13"]
[Round "3.2"]
[White "Deuer, Marius"]
[Black "Weiss, Oliver"]
[Result "1-0"]
[ECO "E45"]
[WhiteElo "2439"]
[BlackElo "2220"]
[Annotator "RC"]
[PlyCount "43"]
[EventDate "2024.04.13"]
[EventType "team-tourn"]
[SourceTitle "playchess.com"]
[Source "ChessBase"]
[SourceQuality "1"]
[TimeControl "900+5"]

1. d4 e6 2. c4 Nf6 3. Nc3 Bb4 4. e3 b6 5. Nge2 Ba6 6. a3 Be7 7. Nf4 d5 8. cxd5 Bxf1 9. Kxf1 exd5 10. g4 h6 11. h4 c6 12. Qf3 Qc8 13. g5 Qg4 14. Qxg4 Nxg4 15. Rg1 hxg5 16. hxg5 f5 17. f3 Nh2+ 18. Kf2 Nd7 19. Bd2 Rh7 20. Rh1 O-O-O 21. Kg2 Rdh8 22. Ng6 1-0

[Event "Wuerttemberg Rapid Teams 2024"]
[Site "B?blingen, Germany"]
[Date "2024.04.13"]
[Round "3.3"]
[White "Kocharin, Timur"]
[Black "Wunder, Niklas"]
[Result "0-1"]
[ECO "B81"]
[WhiteElo "2250"]
[BlackElo "2071"]
[Annotator "RC"]
[PlyCount "52"]
[EventDate "2024.04.13"]
[EventType "team-tourn"]
[SourceTitle "playchess.com"]
[Source "ChessBase"]
[SourceQuality "1"]
[TimeControl "900+5"]

1. e4 c5 2. Nf3 d6 3. d4 cxd4 4. Nxd4 Nf6 5. Nc3 a6 6. h3 e6 7. g4 Nfd7 8. Bg2 b5 9. a4 b4 10. Na2 Bb7 11. c3 bxc3 12. Nxc3 Nc6 13. O-O Be7 14. Be3 O-O 15. f4 Nxd4 16. Bxd4 e5 17. Be3 exf4 18. Bxf4 Qb6+ 19. Kh2 Qxb2 20. Rb1 Qxc3 21. Rxb7 Rad8 22. e5 dxe5 23. Rxd7 exf4 24. Rxf4 Rxd7 25. Qxd7 Qe5 26. Qd4 Bd6 0-1

[Event "Wuerttemberg Rapid Teams 2024"]
[Site "B?blingen, Germany"]
[Date "2024.04.13"]
[Round "3.4"]
[White "Junesch, Gerhard"]
[Black "Sokratov, Stanislav"]
[Result "1-0"]
[ECO "D37"]
[WhiteElo "2267"]
[BlackElo "2146"]
[Annotator "RC"]
[PlyCount "67"]
[EventDate "2024.04.13"]
[EventType "team-tourn"]
[SourceTitle "playchess.com"]
[Source "ChessBase"]
[SourceQuality "1"]
[TimeControl "900+5"]

1. d4 d5 2. c4 e6 3. Nf3 Nf6 4. Nc3 a6 5. cxd5 exd5 6. Bg5 Be6 7. Bxf6 Qxf6 8. Qb3 Ra7 9. h4 h6 10. g3 Qd8 11. Bh3 Bxh3 12. Rxh3 c6 13. Rh1 Nd7 14. e4 dxe4 15. Nxe4 Qb6 16. Qe3 Bb4+ 17. Nc3+ Kf8 18. O-O-O Ra8 19. Rhe1 Nf6 20. Ne5 g6 21. Qf3 Kg7 22. Qxf6+ Kxf6 23. Nd7+ Kg7 24. Nxb6 Rad8 25. Kc2 Rhe8 26. a3 Ba5 27. Nc4 Bc7 28. Rxe8 Rxe8 29. d5 cxd5 30. Nxd5 Bb8 31. b4 Ba7 32. Rd2 Rc8 33. Kb3 Rd8 34. Na5 1-0

[Event "Wuerttemberg Rapid Teams 2024"]
[Site "B?blingen, Germany"]
[Date "2024.04.13"]
[Round "3.5"]
[White "Oberst, Thomas"]
[Black "Kuklin, Valentin"]
[Result "0-1"]
[ECO "A36"]
[WhiteElo "2227"]
[BlackElo "2367"]
[Annotator "RC"]
[PlyCount "74"]
[EventDate "2024.04.13"]
[EventType "team-tourn"]
[SourceTitle "playchess.com"]
[Source "ChessBase"]
[SourceQuality "1"]
[TimeControl "900+5"]

1. c4 c5 2. Nc3 Nc6 3. e4 g6 4. d3 Bg7 5. g3 d6 6. Bg2 e5 7. Nd5 Nge7 8. Bg5 h6 9. Be3 Nxd5 10. cxd5 Nd4 11. Ne2 Bg4 12. Bxd4 exd4 13. O-O O-O 14. f3 Bd7 15. f4 b5 16. b3 a5 17. Rb1 a4 18. Kh1 axb3 19. axb3 Ra2 20. Nc1 Ra3 21. Qe2 Re8 22. g4 Qh4 23. Bf3 g5 24. f5 Be5 25. Rf2 Kg7 26. Rg2 Rea8 27. Qf2 Ra1 28. Qxh4 gxh4 29. Rxa1 Rxa1 30. Rg1 Rb1 31. Kg2 Kf6 32. Kh3 Kg5 33. Rd1 b4 34. Rg1 Bb5 35. Kg2 Rb2+ 36. Be2 Bf4 37. Kf3 Rc2 0-1

[Event "Wuerttemberg Rapid Teams 2024"]
[Site "B?blingen, Germany"]
[Date "2024.04.13"]
[Round "3.6"]
[White "Vujic, Branimir"]
[Black "Namyslo, Holger"]
[Result "1/2-1/2"]
[ECO "D00"]
[WhiteElo "2218"]
[BlackElo "2125"]
[Annotator "RC"]
[PlyCount "61"]
[EventDate "2024.04.13"]
[EventType "team-tourn"]
[SourceTitle "playchess.com"]
[Source "ChessBase"]
[SourceQuality "1"]
[TimeControl "900+5"]

1. d4 d5 2. Bf4 c5 3. e3 Nc6 4. Nc3 a6 5. dxc5 e5 6. Bg3 Be6 7. Nf3 f6 8. Na4 Bxc5 9. Nxc5 Qa5+ 10. c3 Qxc5 11. Be2 Nge7 12. O-O Qb6 13. Qb3 Qxb3 14. axb3 Kf7 15. b4 Nf5 16. Rfd1 h5 17. h3 Nxg3 18. fxg3 g6 19. Nd2 d4 20. exd4 exd4 21. Bc4 Rhe8 22. Bxe6+ Rxe6 23. Nb3 dxc3 24. bxc3 Rd8 25. Nc5 Rxd1+ 26. Rxd1 Re7 27. Rd6 Rc7 28. g4 hxg4 29. hxg4 a5 30. g5 fxg5 31. b5 1/2-1/2

[Event "Wuerttemberg Rapid Teams 2024"]
[Site "B?blingen, Germany"]
[Date "2024.04.13"]
[Round "3.7"]
[White "Schulze, Andreas"]
[Black "Schuh, Karsten"]
[Result "1-0"]
[ECO "B49"]
[WhiteElo "2080"]
[BlackElo "2133"]
[Annotator "RC"]
[PlyCount "101"]
[EventDate "2024.04.13"]
[EventType "team-tourn"]
[SourceTitle "playchess.com"]
[Source "ChessBase"]
[SourceQuality "1"]
[TimeControl "900+5"]

1. e4 c5 2. Nf3 Nc6 3. d4 cxd4 4. Nxd4 Qc7 5. Nc3 e6 6. Be2 a6 7. Be3 Nf6 8. O-O Bb4 9. Bf3 O-O 10. Nxc6 bxc6 11. Ne2 Bd6 12. Kh1 Be5 13. c3 Rb8 14. Qc2 d5 15. exd5 cxd5 16. Bd4 Bxd4 17. Nxd4 e5 18. Nb3 e4 19. Be2 Bg4 20. h3 Bxe2 21. Qxe2 Qb6 22. Rad1 Rfe8 23. Qe3 Qxe3 24. fxe3 a5 25. Rd2 a4 26. Nd4 Rec8 27. a3 Rb6 28. g4 h6 29. Rff2 Rcb8 30. Kg2 Nd7 31. Nf5 Ne5 32. Ne7+ Kf8 33. Nxd5 Rd6 34. Nb4 Rxd2 35. Rxd2 Nc4 36. Rd4 Nxb2 37. Rxe4 Nd1 38. Nd5 Rb2+ 39. Kf3 g6 40. Rxa4 Rh2 41. Kg3 Rc2 42. Rc4 Nb2 43. Rc8+ Kg7 44. h4 g5 45. Ne7 gxh4+ 46. Kxh4 Nd1 47. Nf5+ Kf6 48. a4 Nxc3 49. Nd6 Rh2+ 50. Kg3 Rc2 51. Rxc3 1-0